 Seeded DCSS version 0.30-a0-918-g0ff054e9dc (webtiles) character file.

Game seed: 13555036537017109050 (custom seed)

35 GigaChad the Shield-Bearer (level 3, -2/30 HPs)
             Began as a Formicid Fighter on Mar 21, 2023.
             Slain by a gnoll
             ... wielding a +0 spear
              (5 damage)
             ... on level 2 of the Dungeon.
             The game lasted 00:01:36 (855 turns).

GigaChad the Shield-Bearer (Formicid Fighter)        Turns: 855, Time: 00:01:37

Health: -2/30      AC:  6    Str: 22    XL:     3   Next: 52%
Magic:  3/3        EV:  9    Int:  7    God:
Gold:   1125       SH:  5    Dex: 15    Spells: 2/2 levels left

rFire   . . .      SeeInvis +    a - +0 war axe
rCold   . . .      Faith    .    c - +0 buckler
rNeg    . . .      Spirit   .    b - +0 scale mail
rPois   +          Reflect  .    (helmet unavailable)
rElec   .          Rampage  .    k - scarf of the Conjuring Gods {+Inv, Fly rPois Dex+2}
rCorr   .                        (no gloves)
Will    .....                    (no boots) Stlth
                                 (no amulet)
HPRegen 0.25/turn                (no ring)
MPRegen 0.08/turn                (no ring)

@: flying
A: permanent stasis, dig shafts and tunnels, antennae 3, four strong arms
a: Dig, Shaft Self, Evoke Invisibility


You were on level 2 of the Dungeon.
You visited 1 branch of the dungeon, and saw 2 of its levels.

You collected 1125 gold pieces.

Inventory:

Hand Weapons
 a - a +0 war axe (weapon)
Armour
 b - a +0 scale mail (worn)
 c - a +0 buckler (worn)
 k - the scarf of the Conjuring Gods (worn) {+Inv, Fly rPois Dex+2}
   (You acquired it on level 2 of the Dungeon)

   Dex:       It affects your dexterity (+2).
   rPois:     It protects you from poison.
   Fly:       It grants you flight.
Jewellery
 h - an amulet of the acrobat
Scrolls
 g - a scroll of identify {unknown}
 i - a scroll of teleportation {unknown}
 l - a scroll of blinking {unknown}
Potions
 d - 2 potions of might
 e - a potion of heal wounds {unknown}
 f - a potion of curing {unknown}
 j - 2 potions of haste {unknown}


   Skills:
 + Level 3.8 Fighting
 + Level 2.3 Axes
 + Level 3.4 Armour
 + Level 4.7 Shields


You had 2 spell levels left.
You didn't know any spells.
Your spell library was empty.

Dungeon Overview and Level Annotations

Branches:
Dungeon (2/15)

Altars:


Innate Abilities, Weirdness & Mutations

You cannot be hasted, slowed, berserked, paralysed or teleported.
You can dig through walls and to a lower floor.
You have a pair of large antennae on your head. (SInv)
Your four strong arms can wield two-handed weapons with a shield.


Message History

There are monsters nearby!
You are held in a net!
There are monsters nearby!
You are held in a net!
There are monsters nearby!
You are held in a net!
There are monsters nearby!
You are held in a net!
Unknown command.
You are held in a net!
You are held in a net!
You are held in a net!
You are held in a net!
You struggle against the net.
The gnoll barely misses you. The gnoll hits you but does no damage.
You struggle against the net.
The gnoll barely misses you.
The gnoll hits you from afar with a +0 spear.
You rip the net and break free!
You block the gnoll's attack. The gnoll closely misses you.
The gnoll barely misses you.
You slash the gnoll!
You kill the gnoll!
You barely miss the gnoll. You block the gnoll's attack.
The gnoll hits you from afar with a +0 spear.
The gnoll hits you with a +0 club. The gnoll barely misses you.
The gnoll hits you with a +0 club.
The gnoll hits you from afar with a +0 spear.
The gnoll hits you from afar with a +0 spear!
* * * LOW HITPOINT WARNING * * *
The gnoll hits you from afar with a +0 spear.
* * * LOW HITPOINT WARNING * * *
Things that are here:
a +0 whip; a gnoll corpse The gnoll completely misses you. x2; The gnoll closely misses you.
You barely miss the gnoll. You hit the gnoll. x2
The gnoll closely misses you. The gnoll hits you with a +0 spear.
* * * LOW HITPOINT WARNING * * *
You block the gnoll's attack.
You hit the gnoll but do no damage. You barely miss the gnoll.
You slash the gnoll! The gnoll hits you with a +0 spear.
You die...

..#...#...#...#...#..#
#...#...#...#...#....#
..#...#...#...#.!.#..#
#...#...#...#...#....#
.(#...#...#...#...#..#
#...#...#...#..?#....###
..#...#...#...#(..#.....
#...#...#...#..g#....#
..#...#...#...#)@g#....
#...#.).#...#...#g...#.
..#...#...#...#...#.....
#...#...#...#...#.. .#<.
..#...#...#...#..### # .
#...#.(.#...#....
......#...#.. ##.
.#####..#..## ..
.#####...###


You could see 3 gnolls.

Vanquished Creatures
  A gnoll (D:2)
  2 dart slugs
  An orc (D:2)
  4 endoplasms
  A giant cockroach (D:1)
  2 goblins (D:1)
  2 hobgoblins (D:1)
  A bat (D:1)
  A frilled lizard (D:1)
  2 kobolds (D:1)
  2 rats (D:1)
19 creatures vanquished.

Notes
Turn   | Place    | Note
-------+----------+-------------------------------------------
     0 | D:1      | GigaChad the Formicid Fighter began the quest for the Orb.
     0 | D:1      | Reached XP level 1. HP: 18/18 MP: 1/1
   288 | D:1      | Reached XP level 2. HP: 24/24 MP: 2/2
   443 | D:1      | Identified a scroll of acquirement
   443 | D:1      | Acquired 1072 gold pieces
   739 | D:2      | Acquired the scarf of the Conjuring Gods {+Inv, Fly rPois
                  | Dex+2}
   824 | D:2      | Reached XP level 3. HP: 30/30 MP: 3/3
   855 | D:2      | Slain by a gnoll

Illustrated notes

Levels and vault maps discovered:
D:1:      dpeg_arrival_water_fire, layout_basic
D:2:      layout_basic, hex_large, reono_crystal_passage, st_stairs_2,
          minmay_tromino_v7, uniq_natasha

Action                     || total
---------------------------++-------
  Melee: War axe           ||    58
Ability: Dig               ||     1
    Use: Scroll            ||     2
 Armour: Scale mail        ||    29
  Dodge: Dodged            ||    34
  Block: Buckler           ||    17

Table legend: (Time is in decaauts)
 A = Elapsed time spent in this place.
 B = Non-inter-level travel time spent in this place.
 C = Inter-level travel time spent in this place.
 D = Time resting spent in this place.
 E = Time spent auto-exploring this place.
 F = Levels seen in this place.
 G = Mean time per level.
                   A        B        C        D        E       F      G
               +--------+--------+--------+--------+--------+-----+--------+
         Total |    879 |    785 |     94 |      0 |    589 |   2 |  439.5 |
       Dungeon |    879 |    785 |     94 |      0 |    589 |   2 |  439.5 |
               +--------+--------+--------+--------+--------+-----+--------+

Top non-repeatable levels by time:
     D:1: 749 daAuts
     D:2: 129 daAuts
